AoeStats
← Dachin

Arabia

508618776Analyzed
1v1 RM · 7d ago on Sep 23, 2026· 24m 33s· 2 players
Game mode
Random Map
Map size
Tiny (2 player)
Population
200
Speed
Normal
Resources
Standard
Victory
Conquest
Starting age
Dark Age
Ending age
Imperial Age
RankedLock teamsTeams togetherTeam positionsShared explorationLock speedFull tech treeHidden civsTurbo modeCheats
Victory
Defeat
🇨🇳 Huns · China
1165
+17
🇯🇵 Hindustanis · Japan
1176
-17
Dachin
7:26 Loom
9:35 Feudal Age
10:18 Man-at-Arms
11:13 Double-Bit Axe
13:19 Arson
18:07 Horse Collar
21:15 Scale Mail Armor
21:29 Forging
25:30 Castle Age
23:25 Gold Mining
24:31 Bloodlines
24:28 Scale Barding Armor
24:17 Fletching
24:43 Padded Archer Armor
NukuiOhSushi
6:08 Loom
8:55 Feudal Age
10:31 Double-Bit Axe
Connection lost

Rejoining the realm…

Still unreachable

The connection could not be restored.

Session expired

The server has moved on; the page needs a fresh start.